 Dungeon Crawl Stone Soup version 0.21-a0-633-g4c047d5 (webtiles) character file.

32 shenanigans the Charmwright (level 3, 0/29 HPs)
             Began as a Barachi Skald on Dec 28, 2017.
             Slain by Terence
             ... wielding a +0 falchion
              (2 damage)
             ... on level 2 of the Dungeon.
             The game lasted 00:02:15 (1223 turns).

shenanigans the Charmwright (Barachi Skald)         Turns: 1223, Time: 00:02:16

Health: 0/29       AC:  6    Str: 12    XL:     3   Next: 25%
Magic:  5/6        EV:  9    Int: 14    God:
Gold:   64         SH:  0    Dex: 11    Spells: 5/6 levels left

rFire    . . .     SeeInvis .   a - +0 hand axe
rCold    . . .     Gourm    .   (no shield)
rNeg     . . .     Faith    .   f - +0 scale mail
rPois    .         Spirit   .   (no helmet)
rElec    .         Reflect  .   (no cloak)
rCorr    .         Harm     .   (no gloves)
MR       .....                  (no boots)
Stlth    ..........             (no amulet)
HPRegen  0.09/turn              (no ring)
MPRegen  0.10/turn              (no ring)

@: can't hop, very slightly contaminated, slow
A: +LOS, swims, slowness 1, strong legs 1
a: Hop


You were on level 2 of the Dungeon.
You were hungry.

You visited 1 branch of the dungeon, and saw 2 of its levels.

You collected 64 gold pieces.

Inventory:

Hand Weapons
 a - a +0 hand axe (weapon)
Missiles
 g - 3 javelins (quivered)
Armour
 b - a +0 leather armour
 f - a +0 scale mail (worn)
 o - a +0 chain mail
Scrolls
 e - a scroll of fog {unknown}
 h - a scroll of amnesia {unknown}
 i - a scroll of enchant weapon {unknown}
 j - 2 scrolls of identify {unknown}
 k - a scroll of remove curse {unknown}
 m - a scroll of noise {unknown}
Potions
 l - a potion of heal wounds {unknown}
 n - a potion of ambrosia {unknown}
Books
 c - a book of Battle

   Spells                             Type                      Level
   a - Infusion                       Charms                       1
   b - Shroud of Golubria             Charms/Translocation         2
   c - Song of Slaying                Charms                       2
   d - Spectral Weapon                Hexes/Charms                 3
   e - Regeneration                   Charms/Necromancy            3
Comestibles
 d - 6 rations


   Skills:
 + Level 3.0 Fighting
 + Level 2.7 Axes
 + Level 2.1 Armour
 + Level 2.7 Dodging
 - Level 2.1 Spellcasting
 - Level 3.2 Charms


You had 5 spell levels left.
You knew the following spells:

 Your Spells              Type           Power        Failure   Level  Hunger
a - Infusion              Chrm           ##..         30%         1    #......


Dungeon Overview and Level Annotations

Branches:
Dungeon (2/15)

Altars:

Annotations:
D:2 Terence


Innate Abilities, Weirdness & Mutations

Shadows flee at your approach. (+LOS)
You can swim through water.
You cover ground slowly.
You can hop short distances.


Message History

You hit Terence.
Terence is almost dead.
Terence closely misses you.
You hit Terence but do no damage.
Terence is almost dead.
Terence misses you.
You barely miss Terence.
Terence is almost dead.
Terence hits you but does no damage.
You barely miss Terence.
Terence is almost dead.
Terence barely misses you. x2
You barely miss Terence.
Terence is almost dead.
Terence hits you with a falchion.
* * * LOW HITPOINT WARNING * * *
You hit Terence but do no damage.
Terence is almost dead.
Terence hits you with a falchion.
You die...

#.......###.#..#
#...........#.###
#.......#####.#.# #.......#
#.#.## #.......# #....##
#.......# ####..# #.......#
#..# #.....<.########..#..
.........†.#...@@..(...(....
...#########.######.......$.
.... .......### ... #####.##
... ... ... .... ..


You could see Terence.

Vanquished Creatures
  An adder (D:2)
  An ooze (D:1)
  2 dart slugs (D:1)
  A ball python (D:1)
  A giant cockroach (D:1)
  A hobgoblin (D:1)
  2 jackals (D:1)
  2 kobolds (D:1)
  2 bats (D:1)
  A frilled lizard (D:1)
14 creatures vanquished.

Notes
Turn   | Place    | Note
-------+----------+-------------------------------------------
     0 | D:1      | shenanigans the Barachi Skald began the quest for the Orb.
     0 | D:1      | Reached XP level 1. HP: 17/17 MP: 3/3
   380 | D:1      | Reached XP level 2. HP: 23/23 MP: 5/5
  1152 | D:2      | Reached XP level 3. HP: 26/29 MP: 2/6
  1187 | D:2      | Noticed Terence
  1223 | D:2      | Slain by Terence

Vault maps used:
D:1:      dpeg_cavernosity, minmay_misc_feat_four_crosses
D:2:      nicolae_overflow_crystal_walls, serial_forest,
          infiniplex_forest_clump_diagonal, infiniplex_forest_lined_corner,
          infiniplex_forest_straight_1, infiniplex_forest_fountain,
          nicolae_underground_beach, uniq_terence

Skill      XL: |  1  2 |
---------------+-------+-----
Fighting       | 3 |  3.0
Armour         | 2 |  2.1
Axes           | |  2.7
Dodging        | |  2.7
Spellcasting   | |  2.1
Charms         | |  3.2

Action                   || total
-------------------------++-------
Melee: Hand axe          ||    88
Throw: Javelin           ||     3
 Cast: Infusion          ||     2
 Abil: Hop               ||     1
  Eat: Chunk             ||     1
Armor: Scale mail        ||    32
       Chain mail        ||    29
Dodge: Dodged            ||    40

Table legend:
 A = Spawn XP
 B = Non-spawn XP
 C = Spawn XP percentage of total XP
 D = Spawn monster count
 E = Non-spawn monster count
 F = Spawn count percentage of total count
 G = Total turns spent on level
                    A         B        C        D         E        F      G
               +---------+---------+-------+---------+---------+-------+---------
         Total |       0 |      46 |   0.0 |       0 |      14 |   0.0 |  1223
               +---------+---------+-------+---------+---------+-------+---------
           D:1 |       0 |      32 |   0.0 |       0 |      13 |   0.0 |  1143
           D:2 |       0 |      14 |   0.0 |       0 |       1 |   0.0 |    80
               +---------+---------+-------+---------+---------+-------+---------
